Map: Ulrena

Players

Beastyqt

  • Race: Terran Terran
  • League: Master

HuK - Winner!

  • Race: Protoss Protoss
  • League: Grandmaster

Event: DreamHack ZOWIE Open Leipzig

VOD

https://www.youtube.com/watch?v=6fCyilAGXlY

Description

Time

  • Played on: Jan. 22, 2016, 11:12 a.m.
  • Length: 13:13

All games in this series

Show
View Real Time Build Order
Export as new Build Order

Beastyqt Terran 

Build Orders: MMM Bio 

Get SALT Encoding   

  12  0:00  SCV  
  13  0:12  SCV  
  14  0:17  Supply Depot  
  14  0:24  SCV  
  15  0:39  SCV  
  15  0:40  Barracks  
  16  0:45  Refinery  
  16  0:51  SCV  
  17  1:03  SCV  
  18  1:15  SCV  
  19  1:29  Marine  
  19  1:31  Orbital Command  
  20  1:45  Command Center  
  20  1:55  Barracks Reactor  
  20  1:57  SCV  
  20  2:00  Supply Depot  
  20  2:09  SCV  
  20  2:11  Bunker  
  21  2:20  Factory  
  21  2:24  SCV  
  22  2:32  Marine x2  
  22  2:36  SCV  
  25  2:48  SCV  
  25  2:50  Marine  
  28  2:55  Reaper  
  28  2:59  Orbital Command  
  28  3:00  SCV  
  28  3:03  Factory Tech Lab  
  29  3:08  Marine  
  30  3:12  Supply Depot  
  30  3:14  SCV  
  31  3:22  Orbital Command  
  31  3:26  SCV, Marine  
  33  3:31  Cyclone  
  36  3:38  Barracks  
  36  3:39  SCV, Barracks  
  37  3:41  Refinery  
  37  3:43  Marine  
  38  3:50  Engineering Bay, Marine  
  38  3:52  SCV  
  38  3:53  SCV  
  41  4:03  Marine  
  41  4:04  SCV  
  41  4:07  SCV  
  44  4:10  Siege Tank  
  44  4:13  Supply Depot  
  44  4:16  SCV  
  48  4:18  Marine  
  48  4:21  Marine  
  49  4:24  SCV  
  49  4:30  Barracks Tech Lab x2  
  50  4:32  SCV  
  50  4:36  Missile Turret  
  51  4:39  SCV  
  51  4:40  Marine  
  51  4:44  SCV  
  53  4:50  Stimpack, Marine  
  53  4:51  SCV  
  53  4:52  Marine  
  56  4:55  Marine  
  56  4:57  SCV  
  58  5:04  Marine  
  59  5:08  Marine  
  59  5:09  SCV  
  59  5:11  Supply Depot, Marine  
  59  5:12  Supply Depot  
  62  5:16  Terran Infantry Weapons Level 1  
  62  5:26  Combat Shields  
  62  5:28  Supply Depot  
  62  5:32  SCV, Marine x3  
  65  5:38  SCV  
  65  5:42  Missile Turret  
  66  5:43  Supply Depot  
  66  5:44  SCV, Siege Tank  
  66  5:45  Missile Turret  
  69  5:50  SCV  
  69  5:51  Marine x2  
  69  5:52  Marine x2  
  74  6:02  Starport  
  74  6:04  SCV x2  
  75  6:06  Refinery  
  75  6:07  Refinery  
  75  6:09  Marine  
  75  6:10  Marine x2  
  79  6:13  Marine  
  79  6:16  SCV  
  81  6:21  SCV  
  82  6:28  SCV, Marine x2  
  85  6:33  SCV  
  86  6:40  Command Center  
  86  6:41  Starport Reactor  
  86  6:45  SCV x2  
  88  6:48  Supply Depot  
  88  6:50  Marauder x2  
  88  6:52  Concussive Shells  
  92  7:01  SCV  
  92  7:02  Marine  
  94  7:09  Supply Depot x2, Marine  
  94  7:10  Terran Infantry Armor Level 1  
  94  7:11  Supply Depot  
  94  7:12  Siege Tank  
  94  7:14  Marine x2  
  100  7:17  SCV  
  100  7:18  SCV  
  102  7:25  Supply Depot  
  102  7:30  Medivac x2, Marine  
  102  7:39  SCV  
  102  7:41  Marine  
  102  7:42  Marauder x2  
  103  7:45  SCV  
  103  7:48  Marine  
  102  7:55  SCV  
  100  7:59  Supply Depot  
  100  8:01  SCV  
  100  8:03  Barracks x2  
  100  8:05  Medivac x2  
  105  8:07  SCV  
  105  8:08  Missile Turret  
  103  8:13  SCV  
  104  8:21  Armory  
  104  8:22  Ghost Academy  
  104  8:23  Factory Reactor, Engineering Bay  
  104  8:27  Bunker x2  
  101  8:36  Liberator  
  101  8:37  Liberator  
  101  8:38  Supply Depot  
  101  8:39  Supply Depot, Marine x2  
  103  8:55  Barracks Tech Lab x2, Marauder x2  
  110  8:59  SCV  
  110  9:00  Orbital Command  
  111  9:04  Marine x2  
  113  9:14  Marauder  
  113  9:15  Marauder  
  113  9:16  Marine x2  
  119  9:21  Marine  
  119  9:22  Marine  
  121  9:34  Marauder, Marine  
  121  9:35  Marine  
  121  9:36  Marine  
  126  9:39  Marine x2  
  124  9:50  Terran Infantry Weapons Level 2, Liberator x2  
  124  9:51  Marine  
  107  9:54  Marauder  
  107  9:56  SCV  
  107  9:58  Refinery  
  110  10:00  Refinery  
  110  10:02  Missile Turret  
  110  10:03  Command Center  
  110  10:04  Missile Turret, Terran Infantry Armor Level 2  
  110  10:05  Terran Vehicle And Ship Armor Level 1, Widow Mine x2  
  114  10:07  Marine x2  
  114  10:11  Supply Depot  
  114  10:13  Marine x2  
  124  10:14  Marine x2  
  126  10:25  Marine x2  
  126  10:27  Barracks  
  128  10:31  Barracks, Marine  
  128  10:33  Liberator x2  
  129  10:41  Ghost  
  121  10:44  Marine x3  
  122  10:50  Missile Turret  
  122  10:53  Marine  
  122  10:54  Fusion Core, Marauder  
  131  10:59  Starport  
  131  11:01  Marine  
  131  11:02  Sensor Tower, Marine x2  
  134  11:09  Marine  
  134  11:11  Ghost  
  135  11:14  Ghost  
  135  11:16  Supply Depot x2  
  135  11:17  Liberator x2  
  138  11:19  Marine x2  
  139  11:29  Marauder  
  137  11:33  Marauder x2, Marine  
  137  11:36  Starport Tech Lab  
  148  11:46  Marine x2  
  148  11:47  Liberator, Marine x2  
  150  12:05  Marine x3  
  156  12:14  Marine x5  
  161  12:17  Medivac x2  
  161  12:20  Orbital Command  
  165  12:23  Marine x3  
  168  12:31  Marine  
  168  12:32  Marine x4  
  170  12:41  Marine x3  
  173  12:49  Marine x2  
  173  12:50  Marauder x2, Marine  
Show
View Real Time Build Order
Export as new Build Order

HuK Protoss - Winner!

Build Orders: Blink Stalkers 

Get SALT Encoding   

  12  0:00  Probe (Chrono Boost)  
  13  0:11  Probe (Chrono Boost)  
  14  0:18  Pylon  
  14  0:22  Probe (Chrono Boost)  
  15  0:36  Gateway, Probe (Chrono Boost)  
  16  0:43  Assimilator  
  16  0:47  Probe (Chrono Boost)  
  17  0:57  Probe (Chrono Boost)  
  18  1:08  Probe (Chrono Boost)  
  19  1:19  Probe (Chrono Boost)  
  19  1:23  Cybernetics Core  
  20  1:29  Probe (Chrono Boost)  
  22  1:49  Pylon  
  22  1:53  Nexus  
  21  1:56  Pylon  
  21  1:59  Adept (Chrono Boost)  
  23  2:04  Warp Gate (Chrono Boost)  
  23  2:08  Assimilator  
  23  2:10  Probe (Chrono Boost)  
  24  2:22  Probe (Chrono Boost)  
  25  2:28  Twilight Council  
  25  2:33  Probe (Chrono Boost)  
  25  2:35  Gateway  
  26  2:43  Probe (Chrono Boost)  
  27  2:54  Probe (Chrono Boost)  
  28  3:01  Gateway  
  28  3:04  Probe x2 (Chrono Boost)  
  30  3:09  Blink (Chrono Boost)  
  30  3:14  Probe  
  32  3:22  Mothership Core  
  32  3:24  Probe  
  34  3:30  Adept x2  
  38  3:35  Pylon  
  38  3:40  Probe, Pylon  
  38  3:46  Probe  
  40  3:53  Probe  
  40  3:55  Robotics Facility  
  41  4:00  Probe  
  42  4:06  Sentry, Probe  
  45  4:11  Pylon  
  45  4:12  Probe  
  46  4:19  Probe  
  47  4:30  Probe  
  47  4:31  Probe  
  48  4:32  Nexus  
  49  4:41  Probe  
  49  4:42  Probe  
  51  4:50  Assimilator x2  
  51  4:53  Probe  
  51  4:54  Probe  
  51  4:57  Warp Prism (Chrono Boost)  
  55  5:00  Forge  
  55  5:04  Probe  
  55  5:05  Forge  
  55  5:06  Probe  
  57  5:14  Stalker, Probe  
  59  5:15  Stalker  
  59  5:18  Stalker  
  64  5:24  Probe  
  64  5:25  Probe  
  64  5:27  Protoss Ground Weapons Level 1 (Chrono Boost), Protoss Ground Armor Level 1 (Chrono Boost)  
  66  5:32  Observer (Chrono Boost), Pylon  
  67  5:36  Probe  
  67  5:39  Probe  
  69  5:43  Charge (Chrono Boost)  
  69  5:44  Probe  
  70  5:50  Probe  
  70  5:51  Probe  
  73  5:57  Probe  
  73  6:01  Immortal  
  73  6:03  Probe  
  78  6:09  Stalker x3  
  84  6:17  Probe  
  83  6:29  Probe x2  
  85  6:34  Gateway  
  85  6:35  Gateway  
  85  6:37  Pylon  
  85  6:40  Pylon  
  85  6:41  Stalker  
  85  6:42  Stalker x2, Pylon  
  91  6:48  Pylon  
  91  6:50  Pylon  
  91  6:53  Immortal (Chrono Boost)  
  95  7:06  Gateway  
  95  7:08  Gateway  
  95  7:11  Protoss Ground Weapons Level 2  
  95  7:13  Protoss Ground Armor Level 2  
  95  7:15  Zealot x3  
  101  7:18  Assimilator  
  101  7:24  Assimilator  
  105  7:30  Immortal (Chrono Boost)  
  105  7:32  Gateway  
  105  7:33  Gateway  
  91  7:52  Zealot x4  
  91  7:53  Zealot  
  91  7:56  Probe x2  
  99  8:03  Probe  
  99  8:04  Warp Prism (Chrono Boost)  
  102  8:05  Zealot  
  102  8:06  Zealot  
  102  8:08  Probe x2  
  107  8:14  Zealot x4  
  107  8:15  Zealot  
  107  8:19  Probe  
  118  8:20  Probe  
  118  8:22  Templar Archives, Probe  
  120  8:33  Zealot  
  122  8:53  Stalker  
  122  8:54  Stalker x5  
  126  9:00  Zealot x3  
  132  9:04  Nexus  
  132  9:09  Observer (Chrono Boost)  
  133  9:17  Pylon  
  133  9:25  High Templar x2  
  133  9:26  High Templar x2  
  133  9:30  Archon x2  
  141  9:36  Zealot x3  
  133  9:45  Protoss Ground Weapons Level 3  
  133  9:46  Protoss Ground Armor Level 3  
  133  9:47  Probe x3  
  133  9:52  High Templar x2  
  134  9:59  Probe x3  
  137  10:00  High Templar x2  
  137  10:04  Pylon  
  141  10:08  Photon Cannon  
  141  10:09  Pylon  
  141  10:10  Psionic Storm  
  141  10:12  Assimilator  
  141  10:15  Pylon  
  141  10:16  Assimilator  
  141  10:19  Immortal (Chrono Boost), Pylon  
  141  10:20  Photon Cannon  
  145  10:24  Stalker x2  
  149  10:30  Stalker  
  149  10:31  High Templar  
  150  10:42  High Templar  
  150  10:48  Probe x2  
  150  10:49  Probe x2  
  155  10:53  Photon Cannon  
  155  10:55  Pylon, Warp Prism (Chrono Boost), Photon Cannon  
  156  11:01  High Templar x4  
  156  11:03  Probe x2  
  168  11:04  Probe  
  168  11:05  Probe  
  168  11:06  Archon x2  
  170  11:12  Stalker  
  170  11:30  Warp Prism  
  170  11:31  Stalker x5  
  182  11:54  Zealot x2  
  182  11:55  Zealot  
  182  12:00  Pylon  
  188  12:02  Pylon  
  188  12:07  Pylon  
  188  12:10  Pylon  
  188  12:12  Pylon, Photon Cannon  
  188  12:15  Photon Cannon  
  188  12:18  Pylon  
  188  12:39  Zealot x2, High Templar  
  188  12:40  Zealot x2  
  188  12:41  Zealot  
  142  13:08  Archon  
  142  13:09  Archon  

Tags
 
Add a new tag
Caveats
  • Supply blocks, unpowered buildings, or Contaminate may cause inaccurate times.
  • Supply counts are checked every 10 seconds.